 Dungeon Crawl Stone Soup version 0.20.0-15-g7f486f2 (webtiles) character file.

224 blackwizard the Slasher (level 5, 0/52 HPs)
             Began as a Troll Fighter on June 16, 2017.
             Was a Follower of Elyvilon.
             Killed by divine providence
             ... invoked by an orc priest
              (13 damage)
             ... on level 4 of the Dungeon.
             The game lasted 00:11:34 (2179 turns).

blackwizard the Slasher (Troll Fighter)             Turns: 2179, Time: 00:11:34

Health: 0/52       AC:  5    Str: 24    XL:     5   Next: 67%
Magic:  4/4        EV:  9    Int:  4    God:    Elyvilon [*.....]
Gold:   145        SH:  9    Dex: 10    Spells: 4/4 levels left

rFire    . . .     SeeInvis +   a - +0 long sword
rCold    . . .     Gourm    +   c - +0 shield
rNeg     . . .     Faith    .   b - +0 robe
rPois    .         Spirit   .   (helmet restricted)
rElec    .         Reflect  .   (no cloak)
rCorr    +         Harm     .   (gloves unavailable)
MR       .....                  (boots unavailable)
Stlth    +.........             (no amulet)
Regen    0.6/turn               s - ring of resist corrosion
MPRegen  0.1/turn               y - ring of see invisible

@: no status effects
A: unfitting armour, claws 3, fast metabolism 3, gourmand, regeneration 1,
shaggy fur 1, tough skin 2
a: Lesser Healing, Divine Protection, Renounce Religion


You were on level 4 of the Dungeon.
You worshipped Elyvilon.
Elyvilon was aware of your devotion.
You were hungry.

You visited 1 branch of the dungeon, and saw 4 of its levels.

You collected 145 gold pieces.

Inventory:

Hand Weapons
 a - a +0 long sword (weapon)
 l - a cursed -2 hunting sling
 v - a +0 halberd
Missiles
 j - 128 stones (quivered)
 m - 35 bolts
 r - 2 throwing nets
 t - 51 arrows
 u - 8 javelins
 z - 10 poisoned needles
Armour
 b - a +0 robe (worn)
 c - a +0 shield (worn)
Jewellery
 n - an uncursed ring of fire
 s - a ring of resist corrosion (left claw)
 y - a ring of see invisible (right claw)
Wands
 w - a wand of disintegration (10/24)
Scrolls
 e - 3 scrolls of teleportation {unknown}
 i - 6 scrolls of identify {unknown}
 k - 4 scrolls of remove curse {unknown}
 p - a scroll of immolation {unknown}
 A - a scroll of blinking {unknown}
Potions
 d - a potion of might
 h - 3 potions of lignification {unknown}
 o - 2 potions of curing {unknown}
 q - a potion of degeneration {unknown}
 x - a potion of berserk rage {unknown}
Comestibles
 f - 2 bread rations
 g - 12 chunks of flesh


   Skills:
 + Level 2.8 Fighting
 + Level 3.3 Long Blades
 + Level 3.3 Dodging
 + Level 0.2 Stealth
 + Level 3.2 Shields


You had 4 spell levels left.
You didn't know any spells.

Dungeon Overview and Level Annotations

Branches:
Dungeon (4/15)
 Temple: D:4-7

Altars:
Elyvilon
Uskayaw

Shops:
D:4 *


Innate Abilities, Weirdness & Mutations

You are too large for most types of armour.
You have claws for hands.
Your metabolism is lightning-fast.
You like to eat raw meat.
Your natural rate of healing is unusually fast.
You are covered in fur. (AC +1)
You have very tough skin. (AC +2)


Message History

You block the orc's attack. The orc hits you.
You are feeling hungry.
You hit the orc but do no damage.
The orc is lightly wounded.
You block the orc's attack. The orc hits you.
The orc hits you but does no damage.
You hit the orc.
You kill the orc!
The orc completely misses you.
The orc priest mumbles some strange prayers to Beogh against you.
Beogh smites you!
Things that are here:
a hand axe; a leather armour; an orc corpse The orc priest invokes the aid of Beogh against you.
Beogh smites you!
* * * LOW HITPOINT WARNING * * *
The orc priest looks encouraged for a moment.
The orc priest calls down the wrath of Beogh upon you.
Beogh smites you!
You die...

.....#.#..# #))......#.#..####
.#.###.####### #)#...........#
.#.# #.......# #.#!..........#
...# #######.###o#..##.......##
...#########...#o#..##........#
...........###.#.#o.##.....#..#
...........# #.#.#...?........#
##.........# #.#o#............#
#........รท###)#@....#..####.##
#..............####....... ..#
########................## .##
#.......#####...... . #.......#
#.##..## . #.......# #.. ..#
#.......# #.......# #.......#


You could see an orc priest and 2 orcs.

Vanquished Creatures
  A hound (D:4)
  An iguana (D:4)
  A worker ant (D:4)
  3 gnolls (D:3)
  4 adders
  An ooze (D:4)
  2 worms (D:2)
  4 dart slugs
  2 leopard geckos
  5 orcs (D:4)
  A goblin (D:1)
  10 hobgoblins
  10 jackals
  2 quokkas (D:4)
  2 bats (D:2)
  A frilled lizard (D:2)
  4 kobolds
  5 rats
59 creatures vanquished.

Notes
Turn   | Place    | Note
-------+----------+-------------------------------------------
     0 | D:1      | blackwizard the Troll Fighter began the quest for the Orb.
     0 | D:1      | Reached XP level 1. HP: 22/22 MP: 0/0
   179 | D:1      | Reached XP level 2. HP: 28/29 MP: 1/1
   602 | D:2      | Reached XP level 3. HP: 36/36 MP: 2/2
   855 | D:2      | Found a white marble altar of Elyvilon.
   864 | D:2      | Became a worshipper of Elyvilon the Healer
  1201 | D:3      | Found a hide-covered altar of Uskayaw.
  1204 | D:3      | Noticed a dagger
  1204 | D:3      | Noticed a hand axe
  1300 | D:3      | Found a transporter.
  1310 | D:3      | Reached XP level 4. HP: 34/44 MP: 3/3
  1402 | D:3      | Found a transporter.
  1718 | D:4      | Reached * piety under Elyvilon
  1912 | D:4      | Reached XP level 5. HP: 20/50 MP: 4/4
  2011 | D:4      | Found Rocuu's Assorted Antiques.
  2179 | D:4      | Killed from afar by an orc priest

Skill      XL: |  1  2  3  4  5 |
---------------+----------------+-----
Long Blades    | 2 3 |  3.3
Dodging        | 3 |  3.3
Shields        | 3 |  3.2
Fighting       | |  2.8
Stealth        | |  0.2

Action                   |  1- 3 |  4- 6 || total
-------------------------+-------+-------++-------
Melee: Long sword        |   131 |   118 ||   249
  Eat: Bread ration      |     1 |     1 ||     2
       Chunk             |     5 |     4 ||     9
Armor: Robe              |    37 |    33 ||    70
Dodge: Dodged            |    56 |    47 ||   103
Block: Shield            |    80 |    70 ||   150
       Rpst.: Long sword |    19 |    13 ||    32
